 Dungeon Crawl Stone Soup version 0.21.1-1-g345015f (webtiles) character file.

686 wilfster70 the Cleaver (level 7, -2/64 HPs)
             Began as a Hill Orc Monk on July 7, 2018.
             Was a Believer of Qazlal.
             Slain by an ice beast (8 damage)
             ... on level 5 of the Dungeon.
             The game lasted 00:17:26 (5376 turns).

wilfster70 the Cleaver (Hill Orc Monk)              Turns: 5376, Time: 00:17:26

Health: -2/64      AC:  7    Str: 21    XL:     7   Next: 62%
Magic:  8/8        EV: 16    Int: 10    God:    Qazlal [**....]
Gold:   189        SH:  2    Dex: 18    Spells: 6/6 levels left

rFire    . . .     SeeInvis .   a - +0 hand axe
rCold    . . .     Gourm    .   (no shield)
rNeg     . . .     Faith    .   y - +0 scale mail
rPois    +         Spirit   .   (no helmet)
rElec    .         Reflect  .   q - +0 cloak
rCorr    .         Harm     .   (no gloves)
MR       +....                  (no boots)
Stlth    ++........             (no amulet)
HPRegen  0.20/turn              m - ring of protection from magic
MPRegen  0.11/turn              s - ring of poison resistance

@: mighty, agile
A: no striking features
a: Upheaval, Renounce Religion


You were on level 5 of the Dungeon.
You worshipped Qazlal.
Qazlal was pleased with you.
You were not hungry.

You visited 1 branch of the dungeon, and saw 5 of its levels.

You collected 189 gold pieces.

Inventory:

Hand Weapons
 a - a +0 hand axe (weapon)
 b - a +1 hand crossbow
 x - a +0 mace of protection
Missiles
 B - 29 bolts
Armour
 l - a cursed -1 shield
 q - a +0 cloak (worn)
 y - a +0 scale mail (worn)
Jewellery
 m - a ring of protection from magic (left hand)
 s - a ring of poison resistance (right hand)
Wands
 d - a wand of flame (34)
 p - a wand of random effects (39)
 t - a wand of iceblast (8)
Scrolls
 i - a scroll of blinking
 j - 3 scrolls of teleportation
 o - 2 scrolls of enchant weapon
 v - a scroll of fog {unknown}
 w - a scroll of enchant armour {unknown}
Potions
 e - a potion of lignification
 f - a potion of magic
 g - a potion of invisibility
 h - a potion of flight
 u - a potion of haste
 z - a potion of resistance
Comestibles
 c - 16 rations


   Skills:
 + Level 6.5 Fighting
 * Level 9.4 Axes
 - Level 2.4 Dodging
 - Level 1.5 Stealth
 + Level 1.6 Invocations


You had 6 spell levels left.
You didn't know any spells.

Dungeon Overview and Level Annotations

Branches:
Dungeon (5/15)
 Temple: D:4-7

Altars:
Qazlal
The Shining One


Message History

You block the bullfrog skeleton's attack.
You hit the bullfrog skeleton.
The bullfrog skeleton is almost destroyed.
The bullfrog skeleton hits you.
* * * LOW HITPOINT WARNING * * *
You hit the bullfrog skeleton.
You destroy the bullfrog skeleton!
Qazlal accepts your kill.
It was a potion of might.
You feel very mighty all of a sudden. The ice beast hits you.
* * * LOW HITPOINT WARNING * * *
The ice beast freezes you!
* * * LOW HITPOINT WARNING * * *
It was a potion of agility.
You feel agile all of a sudden. The ice beast hits you.
* * * LOW HITPOINT WARNING * * *
The ice beast freezes you!
You die...

#####.# #.#######** #...#.####
#........,* #........#
#.##.####,*
#...#.##.###.#...##*,*
#####.##.##..>.......#*,******
#.........#####.#......,,,,,,*
#.###.##........##.####,****,*
..#*#.###.#####.##.####.# *,*
#.#*...**.# #.@Y......# *,****
#.#*...#*.# ####'###### *,,,,,
#..,....,,* *#...#* *****,
...##.###,* *#..Z..#* *** *,
#..#*.#*,,* *#5......#* **,***,
#...,,,,,,***#.........#***,,,**,
....,,,,,,,,,+.........+,,,,,,,*,
##,**,*,,,***#.........#***,<,,,,
*,**,**,,* ##./....[## **,,***


You could see an ice beast.

Vanquished Creatures
  Sigmund (D:2)
  2 scorpions
  A howler monkey (D:4)
  A hound (D:5)
  A centaur skeleton (D:4)
  Crazy Yiuf (D:2)
  A bullfrog skeleton (D:5)
  3 worker ants
  An iguana (D:5)
  8 adders
  2 oozes
  A worm (D:3)
  5 dart slugs
  2 leopard geckos
  2 orcs
  5 ball pythons
  8 giant cockroaches
  6 goblins
  8 hobgoblins
  11 jackals
  2 quokkas (D:2)
  4 bats
  8 frilled lizards
  10 kobolds
  6 rats
100 creatures vanquished.

Notes
Turn   | Place    | Note
-------+----------+-------------------------------------------
     0 | D:1      | wilfster70 the Hill Orc Monk began the quest for the Orb.
     0 | D:1      | Reached XP level 1. HP: 19/19 MP: 1/1
   262 | D:1      | Reached XP level 2. HP: 26/27 MP: 2/2
   581 | D:1      | Reached skill level 5 in Axes
   616 | D:1      | Reached XP level 3. HP: 25/33 MP: 3/3
  1254 | D:2      | Found a glowing golden altar of the Shining One.
  1261 | D:2      | Reached XP level 4. HP: 41/41 MP: 4/4
  1462 | D:2      | Noticed Sigmund
  1474 | D:2      | Killed Sigmund
  1474 | D:2      | Reached skill level 5 in Fighting
  1474 | D:2      | Reached skill level 7 in Axes
  1474 | D:2      | Reached XP level 5. HP: 22/48 MP: 5/5
  1474 | D:2      | Reached XP level 6. HP: 25/56 MP: 6/6
  1665 | D:2      | Found a runed door.
  1669 | D:2      | Noticed Crazy Yiuf
  1678 | D:2      | Killed Crazy Yiuf
  2073 | D:2      | Reached skill level 8 in Axes
  3305 | D:4      | Reached XP level 7. HP: 34/63 MP: 7/7
  4075 | D:4      | Reached skill level 9 in Axes
  4638 | D:5      | Entered Level 5 of the Dungeon
  4717 | D:5      | Found a stormy altar of Qazlal.
  4728 | D:5      | Became a worshipper of Qazlal Stormbringer
  4728 | D:5      | Reached * piety under Qazlal
  4728 | D:5      | Reached ** piety under Qazlal
  4806 | D:5      | Reached skill level 1 in Invocations
  5376 | D:5      | Slain by an ice beast

Skill      XL: |  1  2  3  4  5  6  7 |
---------------+----------------------+-----
Fighting       | 4 5 6 |  6.5
Axes           | 5 7 8 9 |  9.4
Invocations    | 1 |  1.6
Dodging        | |  2.4
Stealth        | |  1.5

Action                   |  1- 3 |  4- 6 |  7- 9 || total
-------------------------+-------+-------+-------++-------
Melee: Hand axe          |   103 |   196 |   134 ||   433
       Mace              |       |     2 |       ||     2
Throw: Stone             |       |     3 |       ||     3
  Use: Potion            |       |     1 |     2 ||     3
       Scroll            |       |       |    12 ||    12
 Stab: Sleeping          |       |     3 |       ||     3
  Eat: Chunk             |     1 |     5 |     5 ||    11
       Ration            |       |     1 |       ||     1
Armor: Leather armour    |    30 |    41 |       ||    71
       Scale mail        |       |       |    39 ||    39
Dodge: Dodged            |    66 |   142 |    61 ||   269
Block: Other             |       |       |     3 ||     3
